PL
DETROIT RENAISSANCE @ RICHARDSON CITY THUNDERCATS
06/16/2026
 
TOP OF THE 1ST
Detroit Renaissance batting - Pitching for Richardson City Thundercats : LHP Alec Pittman
Pitching: LHP Alec Pittman
Batting: RHB Kyle Bywaters 0-0: SINGLE (Line Drive, 6MD)
Batting: RHB Eric D'Angle 0-0: Called Strike
0-1: Ball
1-1: Ball
2-1: Fly out, F5 (Popup, 5L)
Batting: RHB Bernardo Herrera 0-0: Called Strike
0-1: Ball
Pickoff Throw to First - Out!
1-1: Swinging Strike
1-2: Ball
2-2: Ball
3-2: Foul Ball, location: 2F
3-2: Fly out, F7 (Flyball, 7D)
Top of the 1st over - 0 run(s), 1 hit(s), 0 error(s), 0 left on base; Detroit 0 - Richardson City 0
BOTTOM OF THE 1ST
Richardson City Thundercats batting - Pitching for Detroit Renaissance : RHP Cris Mendoza
Pitching: RHP Cris Mendoza
Batting: RHB Juan Cabrera 0-0: Ball
1-0: Called Strike
1-1: Ball
2-1: Swinging Strike
2-2: Ball
3-2: Foul Ball, location: 2F
3-2: Base on Balls
Batting: RHB José Cruz 0-0: Foul Ball, location: 2F
0-1: Ball
1-1: Ground out 5-3 (Groundball, 56S)
Juan Cabrera to second
Batting: LHB Fernando Ramírez 0-0: Ball
1-0: Ball
2-0: Called Strike
2-1: Called Strike
2-2: Ball
3-2: Foul Ball, location: 2F
3-2: Strikes out looking
Batting: LHB Terrence Eler 0-0: Ball
1-0: Fly out, F8 (Flyball, 8LS)
Bottom of the 1st over - 0 run(s), 0 hit(s), 0 error(s), 1 left on base; Detroit 0 - Richardson City 0
TOP OF THE 2ND
Detroit Renaissance batting - Pitching for Richardson City Thundercats : LHP Alec Pittman
Batting: LHB Juan González 0-0: Swinging Strike
0-1: Called Strike
0-2: Ball
1-2: Ball
2-2: Strikes out looking
Batting: LHB Mike Silver 0-0: Fly out, F8 (Flyball, 8LS)
Batting: LHB Eric Thackston 0-0: Called Strike
0-1: Swinging Strike
0-2: Fly out, F5 (Popup, 5L)
Top of the 2nd over - 0 run(s), 0 hit(s), 0 error(s), 0 left on base; Detroit 0 - Richardson City 0
BOTTOM OF THE 2ND
Richardson City Thundercats batting - Pitching for Detroit Renaissance : RHP Cris Mendoza
Batting: SHB Seishiro Nishimura 0-0: Ball
1-0: Called Strike
1-1: Fly out, F7 (Flyball, 7D)
Batting: RHB Alden Wiley 0-0: Ball
1-0: Ball
2-0: SINGLE (Line Drive, 78M)
Batting: LHB Eduardo Álvarez 0-0: Ball
1-0: Ball
2-0: Ball
3-0: Called Strike
3-1: Swinging Strike
3-2: Base on Balls
Alden Wiley to second
Batting: RHB Javier Rivera 0-0: Swinging Strike
0-1: Ball
1-1: Ball
2-1: Ball
3-1: Base on Balls
Alden Wiley to third
Eduardo Álvarez to second
Batting: LHB Carroll Martin 0-0: Ball
1-0: Ball
2-0: Called Strike
2-1: Swinging Strike
2-2: Strikes out swinging
Batting: RHB Juan Cabrera 0-0: Called Strike
0-1: Swinging Strike
0-2: Fielders Choice at 2nd, 5-4 (Groundball, 56)
Bottom of the 2nd over - 0 run(s), 1 hit(s), 0 error(s), 2 left on base; Detroit 0 - Richardson City 0
TOP OF THE 3RD
Detroit Renaissance batting - Pitching for Richardson City Thundercats : LHP Alec Pittman
Batting: LHB Gustavo Cortéz 0-0: Ball
1-0: Foul Ball, location: 2F
1-1: SINGLE (Groundball, 56D)
Batting: RHB Chandler Bailey 0-0: Ball
1-0: Ball
2-0: Ball
3-0: Called Strike
3-1: Fly out, F4 (Popup, 4)
Batting: SHB Terumoto Kurihara 0-0: Ball
1-0: Foul Ball, location: 2F
1-1: Foul Ball, location: 2F
1-2: Ball
2-2: SINGLE (Line Drive, 89S)
Gustavo Cortéz to second
Runner from 2nd tries for 3rd, SAFE, throw made to third
Batting: RHB Kyle Bywaters 0-0: Ball
1-0: Fly out, F9 (Flyball, 9S)
Batting: RHB Eric D'Angle 0-0: Called Strike
0-1: Ball
1-1: Ball
2-1: Ball
3-1: Fly out, F9 (Flyball, 9S)
Top of the 3rd over - 0 run(s), 2 hit(s), 0 error(s), 2 left on base; Detroit 0 - Richardson City 0
BOTTOM OF THE 3RD
Richardson City Thundercats batting - Pitching for Detroit Renaissance : RHP Cris Mendoza
Batting: RHB José Cruz 0-0: Swinging Strike
0-1: Foul Ball, location: 2F
0-2: Ball
1-2: Foul Ball, location: 2F
1-2: Foul Ball, location: 2F
1-2: Ground out 6-3 (Groundball, 6)
Batting: LHB Fernando Ramírez 0-0: Ball
1-0: Called Strike
1-1: Ground out 1-3 (Groundball, 13S)
Batting: LHB Terrence Eler 0-0: Foul Ball, location: 2F
0-1: Foul Ball, location: 2F
0-2: Ball
1-2: Strikes out swinging
Bottom of the 3rd over - 0 run(s), 0 hit(s), 0 error(s), 0 left on base; Detroit 0 - Richardson City 0
TOP OF THE 4TH
Detroit Renaissance batting - Pitching for Richardson City Thundercats : LHP Alec Pittman
Batting: RHB Bernardo Herrera 0-0: Ball
1-0: Ground out 6-3 (Groundball, 6)
Batting: LHB Juan González 0-0: Foul Ball, location: 2F
0-1: Fly out, F9 (Line Drive, 9LD)
Batting: LHB Mike Silver 0-0: Foul Ball, location: 2F
0-1: Ball
1-1: Ball
2-1: Ground out 4-3 (Groundball, 34)
Top of the 4th over - 0 run(s), 0 hit(s), 0 error(s), 0 left on base; Detroit 0 - Richardson City 0
BOTTOM OF THE 4TH
Richardson City Thundercats batting - Pitching for Detroit Renaissance : RHP Cris Mendoza
Batting: SHB Seishiro Nishimura 0-0: Ball
1-0: SINGLE (Groundball, 34D)
Batting: RHB Alden Wiley 0-0: Ball
1-0: Fly out, F9 (Flyball, 9LS)
Batting: LHB Eduardo Álvarez 0-0: SINGLE (Groundball, 4S) (infield hit)
Seishiro Nishimura to second
Batting: RHB Javier Rivera 0-0: Foul Ball, location: 2F
0-1: Foul Ball, location: 2F
0-2: Ball
1-2: Foul Ball, location: 2F
1-2: Ball
2-2: Foul Ball, location: 2F
2-2: Grounds into double play, 3-6-3 (Groundball, 34)
Bottom of the 4th over - 0 run(s), 2 hit(s), 0 error(s), 1 left on base; Detroit 0 - Richardson City 0
TOP OF THE 5TH
Detroit Renaissance batting - Pitching for Richardson City Thundercats : LHP Alec Pittman
Batting: LHB Eric Thackston 0-0: Foul Ball, location: 2F
0-1: Called Strike
0-2: Ball
1-2: Ball
2-2: Strikes out swinging
Batting: LHB Gustavo Cortéz 0-0: Called Strike
0-1: Ball
1-1: Called Strike
1-2: Ball
2-2: SINGLE (Groundball, 6D)
Batting: RHB Chandler Bailey 0-0: Called Strike
0-1: Ball
1-1: Foul Ball, location: 2F
1-2: Fly out, F8 (Flyball, 8RM)
Batting: SHB Terumoto Kurihara 0-0: SINGLE (Groundball, 34D)
Gustavo Cortéz to second
Runner from 2nd tries for 3rd, SAFE, throw made to third
Batting: RHB Kyle Bywaters 0-0: Ball
1-0: Ball
2-0: Ball
3-0: Called Strike
3-1: Foul Ball, location: 2F
3-2: SINGLE (Groundball, 25) (infield hit)
Gustavo Cortéz scores
Terumoto Kurihara to second
Batting: RHB Eric D'Angle 0-0: Called Strike
0-1: Called Strike
0-2: Ball
1-2: Fly out, F6 (Line Drive, 6M)
Top of the 5th over - 1 run(s), 3 hit(s), 0 error(s), 2 left on base; Detroit 1 - Richardson City 0
BOTTOM OF THE 5TH
Richardson City Thundercats batting - Pitching for Detroit Renaissance : RHP Cris Mendoza
Batting: LHB Carroll Martin 0-0: Ball
1-0: Ball
2-0: Ground out 4-3 (Groundball, 4)
Batting: RHB Juan Cabrera 0-0: Ball
1-0: Foul Ball, location: 2F
1-1: Foul Ball, location: 2F
1-2: Strikes out looking
Batting: RHB José Cruz 0-0: Ball
1-0: Ball
2-0: Foul Ball, location: 2F
2-1: Swinging Strike
2-2: Ball
3-2: Ground out 6-3 (Groundball, 6)
Bottom of the 5th over - 0 run(s), 0 hit(s), 0 error(s), 0 left on base; Detroit 1 - Richardson City 0
TOP OF THE 6TH
Detroit Renaissance batting - Pitching for Richardson City Thundercats : LHP Alec Pittman
Batting: RHB Bernardo Herrera 0-0: Ball
1-0: SINGLE (Line Drive, 6MD)
Batting: LHB Juan González 0-0: Ball
1-0: Called Strike
Bernardo Herrera steals 2nd base
1-1: Ball
2-1: Foul Ball, location: 2F
2-2: SINGLE (Groundball, 34S) (infield hit)
Bernardo Herrera to third
Batting: LHB Mike Silver 0-0: Called Strike
0-1: Swinging Strike
0-2: Ball
1-2: Ball
2-2: Ball
3-2: Fly out, F7 (Flyball, 7)
Runner from 3rd tags up, SCORES, no throw
Batting: LHB Eric Thackston 0-0: Foul Ball, location: 2F
0-1: Ball
1-1: Foul Ball, location: 2F
1-2: Fly out, F3 (Popup, 3S)
Batting: LHB Gustavo Cortéz 0-0: Called Strike
0-1: Swinging Strike
0-2: Ball
1-2: Strikes out swinging
Top of the 6th over - 1 run(s), 2 hit(s), 0 error(s), 1 left on base; Detroit 2 - Richardson City 0
BOTTOM OF THE 6TH
Richardson City Thundercats batting - Pitching for Detroit Renaissance : RHP Cris Mendoza
Batting: LHB Fernando Ramírez 0-0: Ball
1-0: Fly out, F8 (Flyball, 8LM)
Batting: LHB Terrence Eler 0-0: Called Strike
0-1: Fly out, F6 (Flyball, 56D)
Batting: SHB Seishiro Nishimura 0-0: Called Strike
0-1: Foul Ball, location: 2F
0-2: Ball
1-2: Ball
2-2: SINGLE (Line Drive, 7LS)
Batting: RHB Alden Wiley 0-0: Fielders Choice at 2nd, 5-4 (Groundball, 56)
Bottom of the 6th over - 0 run(s), 1 hit(s), 0 error(s), 0 left on base; Detroit 2 - Richardson City 0
TOP OF THE 7TH
Detroit Renaissance batting - Pitching for Richardson City Thundercats : LHP Alec Pittman
Batting: RHB Chandler Bailey 0-0: Called Strike
0-1: Ball
1-1: Ball
2-1: Called Strike
2-2: Ground out 1-3 (Groundball, 15S)
Batting: SHB Terumoto Kurihara 0-0: Foul Ball, location: 2F
0-1: Ball
1-1: Foul Ball, location: 2F
1-2: Foul Ball, location: 2F
1-2: Ball
2-2: Fly out, F8 (Flyball, 8RS)
Batting: RHB Kyle Bywaters 0-0: Ball
1-0: Called Strike
1-1: Fly out, F4 (Line Drive, 4)
Top of the 7th over - 0 run(s), 0 hit(s), 0 error(s), 0 left on base; Detroit 2 - Richardson City 0
BOTTOM OF THE 7TH
Richardson City Thundercats batting - Pitching for Detroit Renaissance : RHP Cris Mendoza
Batting: LHB Eduardo Álvarez 0-0: Foul Ball, location: 2F
0-1: Ball
1-1: SINGLE (Line Drive, 89S)
Batting: RHB Javier Rivera 0-0: Called Strike
0-1: Ball
1-1: Foul Ball, location: 2F
1-2: Foul Ball, location: 2F
1-2: Foul Ball, location: 2F
1-2: Foul Ball, location: 2F
1-2: Foul Ball, location: 2F
1-2: Foul Ball, location: 2F
1-2: Strikes out looking
Batting: LHB Carroll Martin 0-0: Foul Ball, location: 2F
0-1: Ball
1-1: Ball
2-1: Foul Ball, location: 2F
2-2: Ball
3-2: SINGLE (Groundball, 4MD)
Eduardo Álvarez to second
Eduardo Álvarez to third
Pitching: RHP Jack Carr
Batting: RHB Juan Cabrera 0-0: Ball
1-0: Called Strike
1-1: Ball
2-1: Ball
3-1: Fielders Choice at 2nd, 6-4 (Groundball, 6)
Eduardo Álvarez scores
Batting: RHB José Cruz 0-0: Ball
1-0: Ball
2-0: Foul Ball, location: 2F
2-1: Foul Ball, location: 2F
2-2: Foul Ball, location: 2F
2-2: Fielders Choice at 2nd, 6-4 (Groundball, 6)
Bottom of the 7th over - 1 run(s), 2 hit(s), 0 error(s), 0 left on base; Detroit 2 - Richardson City 1
TOP OF THE 8TH
Detroit Renaissance batting - Pitching for Richardson City Thundercats : LHP Alec Pittman
Pitching: LHP Javier Ramírez
Batting: RHB Eric D'Angle 0-0: Called Strike
0-1: Foul Ball, location: 2F
0-2: TRIPLE (Flyball, 89XD)
Batting: RHB Bernardo Herrera 0-0: Intentional Walk
Pinch Hitting: RHB Lonnie Conrad 0-0: Ball
Bernardo Herrera is caught stealing 2nd base
1-0: Intentional Walk
Pinch Hitting: RHB Ludwig Kluge 0-0: Fielders Choice at 2nd, 6-4 (Groundball, 56)
Eric D'Angle scores
Batting: LHB Eric Thackston 0-0: Ball
Balk!
Ludwig Kluge to second
1-0: Swinging Strike
1-1: Foul Ball, location: 2F
1-2: Strikes out swinging
Top of the 8th over - 1 run(s), 1 hit(s), 0 error(s), 1 left on base; Detroit 3 - Richardson City 1
BOTTOM OF THE 8TH
Richardson City Thundercats batting - Pitching for Detroit Renaissance : RHP Jack Carr
Now at 3B: Ludwig Kluge
Now in LF: Valentín Guzmán
Batting: LHB Fernando Ramírez 0-0: Foul Ball, location: 2F
0-1: Ball
1-1: Foul Ball, location: 2F
1-2: Strikes out swinging
Batting: LHB Terrence Eler 0-0: Ball
1-0: Ball
2-0: Ball
3-0: Base on Balls
Pitching: LHP Rubén Rodríguez
Batting: SHB Seishiro Nishimura 0-0: Ball
1-0: Foul Ball, location: 2F
1-1: Foul Ball, location: 2F
1-2: Ball
2-2: Ball
3-2: Foul Ball, location: 2F
3-2: Base on Balls
Terrence Eler to second
Pitching: RHP Javier Castillo
Batting: RHB Alden Wiley 0-0: Foul Ball, location: 2F
0-1: Ball
1-1: DOUBLE (Line Drive, 9LS)
Terrence Eler scores
Seishiro Nishimura to third
Pitching: RHP Esteban Ruíz
Batting: LHB Eduardo Álvarez 0-0: Called Strike
0-1: Called Strike
0-2: Ball
1-2: Foul Ball, location: 2F
1-2: Ground out 4-3 (Groundball, 34)
Batting: RHB Javier Rivera 0-0: Ball
1-0: Swinging Strike
1-1: Ground out 5-3 (Groundball, 56S)
Bottom of the 8th over - 1 run(s), 1 hit(s), 0 error(s), 2 left on base; Detroit 3 - Richardson City 2
TOP OF THE 9TH
Detroit Renaissance batting - Pitching for Richardson City Thundercats : LHP Javier Ramírez
Pitching: RHP Dave Reed
Batting: LHB Gustavo Cortéz 0-0: Ball
1-0: Ball
2-0: Called Strike
2-1: Foul Ball, location: 2F
2-2: Ball
3-2: Strikes out swinging
Batting: RHB Chandler Bailey 0-0: Ball
1-0: Reached on error, E1 (Groundball, 13S)
Batting: SHB Terumoto Kurihara 0-0: Called Strike
0-1: Ball
1-1: Ball
2-1: Ball
3-1: Fly out, F8 (Flyball, 8LS)
Batting: RHB Kyle Bywaters 0-0: SINGLE (Line Drive, 7LS)
Chandler Bailey to second
Batting: RHB Eric D'Angle 0-0: Ball
1-0: Called Strike
1-1: Ball
2-1: Foul Ball, location: 2F
2-2: Ball
3-2: Strikes out swinging
Top of the 9th over - 0 run(s), 1 hit(s), 1 error(s), 2 left on base; Detroit 3 - Richardson City 2
BOTTOM OF THE 9TH
Richardson City Thundercats batting - Pitching for Detroit Renaissance : RHP Esteban Ruíz
Pitching: RHP Lyle Lanley
Batting: LHB Carroll Martin 0-0: Ball
1-0: Fly out, F8 (Flyball, 8RM)
Batting: RHB Juan Cabrera 0-0: Swinging Strike
0-1: Ball
1-1: Called Strike
1-2: Ball
2-2: Foul Ball, location: 2F
2-2: Strikes out swinging
Batting: RHB José Cruz 0-0: Ball
1-0: Ball
2-0: Ground out 3-1 (Groundball, 34S)
Bottom of the 9th over - 0 run(s), 0 hit(s), 0 error(s), 0 left on base; Detroit 3 - Richardson City 2
Monday, March 20th, 2017 - OOTP Baseball 17.12 Build 75